 Dungeon Crawl Stone Soup version 0.23-a0-808-gd21de94 (console) character file.

884637 Duffy the Sorcerer (level 27, -5/269 HPs)
             Began as a Demonspawn Fire Elementalist on Jan 19, 2019.
             Was the Champion of Sif Muna.
             Engulfed by a cloud of foul pestilence (11 damage)
             ... in Pandemonium on Jan 20, 2019.
             The game lasted 06:20:14 (167543 turns).

Duffy the Sorcerer (Demonspawn Fire Elementalist) Turns: 167543, Time: 06:20:15

Health: -5/269     AC: 19    Str:  7    XL:     27
Magic:  38/48      EV: 26    Int: 38    God:    Sif Muna [******]
Gold:   3691       SH: 14    Dex: 11    Spells: 8/79 levels left

rFire    + + +     SeeInvis +   k - staff of conjuration {!a}
rCold    + + .     Gourm    .   D - +2 shield of Resistance {rF+ rC+ MR+}
rNeg     + . .     Faith    +   O - +1 robe of Meiqan {rPois rF+ rC+ Int+4}
rPois    +         Spirit   .   n - +2 helmet {Int+3}
rElec    +         Reflect  .   Z - +2 cloak
rCorr    .         Harm     .   r - +2 pair of gloves
MR       +++..     Rnd*Rage +   (boots unavailable)
Stlth    ++++......             W - amulet of faith
HPRegen  0.00/turn              J - ring of Due Proportion {rElec rF+ rN+ Int-2 SInv}
MPRegen  0.31/turn              V - ring of Phasing {EV+8}

@: brilliant, lethally poisoned (-5 -> -47), hasted and slowed, divine energy,
deflect missiles
A: hooves 3, iridescent scales 3, berserk 3, blurry vision 2, clumsy 2, low mp
1, nightstalker 3, powered by death 3, robust 3, inhibited regeneration, weak 1,
no potion heal 1
}: 7/15 runes: decaying, slimy, silver, demonic, glowing, fiery, gossamer
a: Stop Divine Energy, Channel Magic, Forget Spell, Renounce Religion


You were in Pandemonium.
You worshipped Sif Muna.
Sif Muna was exalted by your worship.
You were not hungry.

You visited 12 branches of the dungeon, and saw 58 of its levels.
You visited Pandemonium 3 times, and saw 16 of its levels.
You also visited: Trove, Bailey, Gauntlet and Volcano.

You collected 9867 gold pieces.
You spent 6176 gold pieces at shops.

Inventory:

Hand Weapons
 a - the +3 Elemental Staff {rElec rF++ rC++ MR++ AC+5, !a}
   (You found it on level 3 of the Elven Halls)

   It affects your AC (+5).
   It greatly protects you from fire.
   It greatly protects you from cold.
   It insulates you from electricity.
   It affects your resistance to hostile enchantments.
Missiles
 C - 5 throwing nets (quivered)
Armour
 n - a +2 helmet of intelligence (worn)
 r - a +2 pair of gloves (worn)
 D - the +2 shield of Resistance (worn) {rF+ rC+ MR+}
   (You took it off a deep elf sorcerer on level 3 of the Elven Halls)

   It protects you from fire.
   It protects you from cold.
   It affects your resistance to hostile enchantments.
 O - the +1 robe of Meiqan (worn) {rPois rF+ rC+ Int+4}
   (You found it on level 2 of the Depths)

   It affects your intelligence (+4).
   It protects you from fire.
   It protects you from cold.
   It protects you from poison.
 Z - a +2 cloak (worn)
Magical Staves
 b - an uncursed staff of energy {!a}
 k - an uncursed staff of conjuration (weapon) {!a}
Jewellery
 A - the ring of the Solstice {rCorr +Inv Str+4}
   (You took it off a deep elf high priest on level 3 of the Elven Halls)

   [ring of resist corrosion]

   It affects your strength (+4).
   It lets you turn invisible.
 I - the ring of the Briny Deep {rC+ Int+5 Slay+2}
   (You found it in Pandemonium)

   [ring of protection from cold]

   It affects your intelligence (+5).
   It affects your accuracy and damage with ranged weapons and melee attacks
   (+2).
   It protects you from cold.
 J - the ring of Due Proportion (left hand) {rElec rF+ rN+ Int-2 SInv}
   (You took it off an ironheart preserver on level 5 of the Vaults)

   [ring of protection from fire]

   It affects your intelligence (-2).
   It protects you from fire.
   It insulates you from electricity.
   It protects you from negative energy.
   It lets you see invisible.
 M - the ring of Robustness {AC+8}
   (You took it off a minotaur in a Gauntlet)

   [ring of protection]

   It affects your AC (+8).
 V - the ring of Phasing (right hand) {EV+8}
   (You took it off a deep elf sorcerer on level 3 of the Elven Halls)

   [ring of evasion]

   It affects your evasion (+8).
 W - an amulet of faith (around neck)
 Y - the ring of the Mage {Wiz MR++ Int+3}
   (You took it off a spriggan defender on level 3 of the Depths)

   [ring of wizardry]

   It improves your spell success rate.
   It affects your intelligence (+3).
   It affects your resistance to hostile enchantments.
Wands
 p - a wand of iceblast (6)
 u - a wand of acid (16)
 H - a wand of clouds (18)
 R - a wand of digging (11)
Scrolls
 d - 22 scrolls of remove curse
 f - 20 scrolls of teleportation
 j - 2 scrolls of amnesia
 l - 10 scrolls of blinking
 m - 7 scrolls of magic mapping
 q - 15 scrolls of identify
 w - 5 scrolls of immolation
 x - 10 scrolls of fog
Potions
 g - 8 potions of heal wounds
 i - 2 potions of mutation
 o - 6 potions of flight
 t - 16 potions of brilliance
 v - 6 potions of cancellation
 B - 5 potions of haste
 E - 7 potions of ambrosia
 G - 3 potions of agility
 K - 21 potions of curing
 P - 6 potions of magic
 Q - 6 potions of invisibility
 T - 9 potions of resistance
Miscellaneous
 s - 8 boxes of beasts
 U - 2 phantom mirrors
 X - 3 sacks of spiders
Comestibles
 c - 9 rations


   Skills:
 - Level 15.0 Fighting
 - Level 5.0 Armour
 - Level 12.2 Dodging
 - Level 1.7 Stealth
 - Level 15.0 Shields
 * Level 26.5 Spellcasting
 + Level 23.7 Conjurations
 - Level 5.0 Charms
 - Level 3.0 Summonings
 - Level 3.1 Necromancy
 - Level 2.1 Translocations
 - Level 22.0 Fire Magic
 - Level 5.0 Air Magic
 * Level 15.6 Earth Magic
 - Level 15.0 Invocations
 - Level 10.0 Evocations


You had 8 spell levels left.
You knew the following spells:

 Your Spells              Type           Power        Failure   Level  Hunger
a - Apportation           Tloc           ######       1%          1    None
b - Regeneration          Chrm/Necr      #######...   1%          3    None
h - Bolt of Fire          Conj/Fire      #########.   0%          6    None
i - Ignition              Fire           ########..   1%          8    None
j - Lehudib's Crystal Sp  Conj/Erth      ########..   1%          8    None
k - Fireball              Conj/Fire      #########.   0%          5    None
l - Fire Storm            Conj/Fire      #########.   1%          9    None
m - Deflect Missiles      Chrm/Air       #######...   1%          6    None
o - Shatter               Erth           ########..   7%          9    None
t - Summon Butterflies    Summ           #######.     1%          1    None
u - Borgnjor's Vile Clut  Necr/Erth      #######...   1%          5    None
y - Iron Shot             Conj/Erth      ########..   0%          6    None
B - Blink                 Tloc           N/A          1%          2    None
S - Swiftness             Chrm/Air       #######.     1%          2    None

Your spell library contained the following spells:

 Spells                   Type           Power        Failure   Level  Hunger
 Flame Tongue             Conj/Fire      #####        0%          1    None
 Magic Dart               Conj           ####         0%          1    None
 Sandblast                Erth           ######       0%          1    None
 Shock                    Conj/Air       ####         0%          1    None
 Sting                    Conj/Pois      ####         0%          1    None
 Passwall                 Tmut/Erth      #######.     0%          2    None
 Searing Ray              Conj           ######       0%          2    None
 Throw Flame              Conj/Fire      ######       0%          2    None
 Throw Frost              Conj/Ice       ######       0%          2    None
 Conjure Flame            Conj/Fire      ########     0%          3    None
 Dazzling Spray           Conj/Hex       ######       0%          3    None
 Inner Flame              Hex/Fire       ########     0%          3    None
 Mephitic Cloud           Conj/Pois/Air  ########     0%          3    None
 Static Discharge         Conj/Air       ########     0%          3    None
 Stone Arrow              Conj/Erth      ######       0%          3    None
 Force Lance              Conj/Tloc      ########     0%          4    None
 Iskenderun's Mystic Bla  Conj           ########     0%          4    None
 Sticky Flame             Conj/Fire      ########     0%          4    None
 Bolt of Magma            Conj/Fire/Erth ########..   0%          5    None
 Lee's Rapid Deconstruct  Erth           ########..   0%          5    None
 Orb of Destruction       Conj           #########.   0%          7    None
 Animate Skeleton         Necr           N/A          1%          1    None
 Beastly Appendage        Tmut           ######       1%          1    None
 Confusing Touch          Hex            ######       1%          1    None
 Corona                   Hex            ######.      1%          1    None
 Freeze                   Ice            ####         1%          1    None
 Infusion                 Chrm           ####         1%          1    None
 Pain                     Necr           ####         1%          1    None
 Summon Small Mammal      Summ           ####         1%          1    None
 Call Imp                 Summ           #######.     1%          2    None
 Corpse Rot               Necr           N/A          1%          2    None
 Ensorcelled Hibernation  Hex/Ice        ######       1%          2    None
 Poisonous Vapours        Pois/Air       ######       1%          2    None
 Shroud of Golubria       Chrm/Tloc      #######...   1%          2    None
 Slow                     Hex            ######..     1%          2    None
 Song of Slaying          Chrm           #######.     1%          2    None
 Sticks to Snakes         Tmut           ######..     1%          2    None
 Sublimation of Blood     Necr           #######...   1%          2    None
 Call Canine Familiar     Summ           #######.     1%          3    None
 Confuse                  Hex            ######..     1%          3    None
 Gell's Gravitas          Tloc           ######....   1%          3    None
 Ignite Poison            Fire/Tmut/Pois #######.     1%          3    None
 Lesser Beckoning         Tloc           ######....   1%          3    None
 Ozocubu's Armour         Chrm/Ice       #######.     1%          3    None
 Portal Projectile        Hex/Tloc       ######       1%          3    None
 Recall                   Summ/Tloc      N/A          1%          3    None
 Spectral Weapon          Hex/Chrm       #######.     1%          3    None
 Spider Form              Tmut/Pois      ######....   1%          3    None
 Summon Guardian Golem    Hex/Summ       ######..     1%          3    None
 Teleport Other           Tloc           ######..     1%          3    None
 Tukima's Dance           Hex            ######..     1%          3    None
 Vampiric Draining        Necr           #######...   1%          3    None
 Airstrike                Air            #######...   1%          4    None
 Animate Dead             Necr           N/A          1%          4    None
 Cause Fear               Hex            ######....   1%          4    None
 Fulminant Prism          Conj/Hex       ########..   1%          4    None
 Ice Form                 Ice/Tmut       ######..     1%          4    None
 Leda's Liquefaction      Hex/Erth       #######...   1%          4    None
 Olgreb's Toxic Radiance  Pois           ######..     1%          4    None
 Passage of Golubria      Tloc           N/A          1%          4    None
 Petrify                  Tmut/Erth      #######.     1%          4    None
 Summon Ice Beast         Ice/Summ       ######..     1%          4    None
 Summon Lightning Spire   Summ/Air       #######.     1%          4    None
 Throw Icicle             Conj/Ice       ########     1%          4    None
 Agony                    Necr           #######.     1%          5    None
 Alistair's Intoxication  Tmut/Pois      ######..     1%          5    None
 Aura of Abjuration       Summ           #######...   1%          5    None
 Blade Hands              Tmut           ######....   1%          5    None
 Bolt of Draining         Conj/Necr      ########..   1%          5    None
 Dispel Undead            Necr           #######.     1%          5    None
 Excruciating Wounds      Chrm/Necr      #######...   1%          5    None
 Irradiate                Conj/Tmut      ########..   1%          5    None
 Iskenderun's Battlesphe  Conj/Chrm      ########     1%          5    None
 Lightning Bolt           Conj/Air       ########..   1%          5    None
 Metabolic Englaciation   Hex/Ice        ######....   1%          5    None
 Silence                  Hex/Air        #######...   1%          5    None
 Summon Demon             Summ           #######...   1%          5    None
 Summon Forest            Summ/Tloc      #######...   1%          5    None
 Summon Mana Viper        Hex/Summ       ######..     1%          5    None
 Venom Bolt               Conj/Pois      ########..   1%          5    None
 Yara's Violent Unravell  Hex/Tmut       ######....   1%          5    None
 Bolt of Cold             Conj/Ice       ########..   1%          6    None
 Conjure Ball Lightning   Conj/Air       ########..   1%          6    None
 Death Channel            Necr           #######...   1%          6    None
 Freezing Cloud           Conj/Ice/Air   ########..   1%          6    None
 Poison Arrow             Conj/Pois      ########..   1%          6    None
 Shadow Creatures         Summ           N/A          1%          6    None
 Statue Form              Tmut/Erth      #######..    1%          6    None
 Ring of Flames           Chrm/Fire      ########..   1%          7    None
 Spellforged Servitor     Conj/Summ      ########..   1%          7    None
 Chain Lightning          Conj/Air       ########..   1%          8    None
 Dispersal                Tloc           ######....   3%          6    None
 Simulacrum               Ice/Necr       ######....   3%          6    None
 Darkness                 Hex            ######....   7%          6    None
 Hydra Form               Tmut           ######....   7%          6    None
 Invisibility             Hex            ######..     7%          6    None
 Ozocubu's Refrigeration  Ice            ######....   7%          6    None
 Haunt                    Necr/Summ      #######...   10%         7    None
 Monstrous Menagerie      Summ           #######...   10%         7    None
 Summon Greater Demon     Summ           #######...   10%         7    None
 Summon Hydra             Summ           #######...   10%         7    None
 Malign Gateway           Summ/Tloc      #######...   12%         7    None
 Dragon Form              Tmut           ######....   30%         7    None
 Death's Door             Chrm/Necr      #######...   41%         8    None
 Borgnjor's Revivificati  Necr           #######...   50%         8    None
 Infestation              Necr           #######...   50%         8    None
 Summon Horrible Things   Summ           #######...   52%         8    None
 Controlled Blink         Tloc           N/A          63%         8    None
 Disjunction              Tloc           ######....   63%         8    None
 Necromutation            Tmut/Necr      ######....   71%         8    None
 Discord                  Hex            ######....   87%         8    None
 Glaciate                 Conj/Ice       ########..   28%         9    None
 Tornado                  Air            #######...   97%         9    None
 Dragon's Call            Summ           #######...   99%         9    None


Dungeon Overview and Level Annotations

Branches:
Dungeon (15/15)            Temple (1/1) D:6            Lair (6/6) D:10
  Swamp (4/4) Lair:3       Spider (4/4) Lair:2        Slime (5/5) Lair:5
    Orc (2/2) D:11            Elf (3/3) Orc:2        Vaults (5/5) D:14
  Crypt (3/3) Vaults:2       Tomb (0/3) Crypt:3      Depths (5/5) D:15
    Zot (5/5) Depths:5

Altars:
Ashenzari
Cheibriados
Dithmenos
Elyvilon
Fedhas
Gozag
Hepliaklqana
Kikubaaqudgha
Makhleb
Nemelex Xobeh
Okawaru
Qazlal
Ru
Sif Muna
Trog
Uskayaw
Vehumet
Wu Jian
Xom
Yredelemnul
Zin
The Shining One
Jiyva
Lugonu

Shops:
D:7 [   D:9 =   D:12 :   Orc:2 *=(%(   Elf:3 }==   Vaults:2 =   Vaults:5 !
Depths:2 !

Portals:
Hell: Depths:1 Depths:2 Depths:3 Depths:4 Depths:5
Abyss: Depths:3 Depths:4 Depths:5
Pandemonium: Depths:3 Depths:4
Ziggurat: Depths:2

Annotations:
Elf:2 3 runed doors, exclusion: 3 doors
Depths:2 exclusion: downstairs
Depths:5 exclusion: 4 draconian stormcallers
Zot:5 1 exclusion


Innate Abilities, Weirdness & Mutations

You have hooves in place of feet.
You are completely covered in iridescent scales. (AC +6)
You are completely attuned to the shadows.
You regenerate a lot of health from kills.
You are extremely robust. (+30% HP)
You have an uncontrollable temper.
Scrolls take you longer to read.
You are very clumsy. (Dex -4)
Your magical capacity is low. (-10% MP)
You do not regenerate when monsters are visible.
You are weak. (Str -2)
Potions are less effective at restoring your health.


Message History

You feel much better.
You are engulfed in dark miasma.
You are lethally poisoned!
You feel as though you will be slow longer.
You feel very sick. You block the Executioner's attack.
The Executioner hits you but does no damage.
The Executioner barely misses you. The Executioner hits you!
The Executioner barely misses you. You block the Executioner's attack. x2
The Executioner completely misses you. The Executioner barely misses you.
Gloorx Vloq is engulfed in blazing flames.
You kill Gloorx Vloq!
Sif Muna accepts your kill.
The Executioner disappears in a puff of smoke! x2
The curse skull calls on the powers of darkness!
Your body is wracked with pain!
The golden dragon skeleton completely misses you.
You block the golden dragon skeleton's attack.
The golden dragon skeleton misses you.
You are engulfed in dark miasma.
You die...

*,*,*,,*****,,,,,,,,*****
*,,,*,**,,,,,,,,,,,,,,,,*
*,*,*,#.,*###*,**,*****,,
*,..#.#.##.%.,,**,,,,,**,
*,#.#%#.#.0..,****,,,,,*,
*,,.'..0#.0(#**,,***,,,*,
*,*,#.Z000...,,,,,,,..,,,
*,,,#.00#...#**,,*##..,*,
*,*,#.#@#..z.,*###....,*,
*,,,#.#.##...,.##.....**,
*,*,#.#..#####.##.#####.,
*,,,#.##................*
*,*,#..#####........#####
*,,,##...................
*,*,*###'############'###
*,,,.....................
*,*,#.#.#.#.#.#..#.#.#.#.


You could see a golden dragon skeleton.

Vanquished Creatures
  Cerebov (Pan)
  the Royal Jelly (Slime:5)
  5 pandemonium lords (Pan)
  Gloorx Vloq (Pan)
  Mnoleg (Pan)
  4 orbs of fire
  3 ancient liches
  6 juggernauts
  Boris (Depths:4)
  Saint Roka (Orc:2)
  20 golden dragons
  7 Tzitzimimeh (Pan)
  4 Brimstone Fiends (Pan)
  An electric golem (Zot:1)
  Arachne (Spider:4)
  A hellephant (Pan)
  23 tentacled monstrosities
  An Ice Fiend (Pan)
  6 liches
  A Hell Sentinel (Pan)
  2 titans
  3 quicksilver dragons
  2 deep elf blademasters (Elf:3)
  19 acid blobs
  3 death cobs
  Asterion (Spider:1)
  2 deep elf master archers (Elf:3)
  8 sphinxes
  12 Executioners (Pan)
  Frances (Spider:1)
  An ancient champion (Crypt:1)
  4 thorn hunters
  Kirke (Elf:1)
  5 draconian monks
  14 tengu reavers
  2 revenants (Crypt:2)
  18 storm dragons
  16 shadow dragons
  12 azure jellies
  Roxanne (Swamp:3)
  3 orc warlords
  13 frost giants
  9 draconian knights
  7 deep elf sorcerers
  An iron dragon (Depths:5)
  5 draconian shifters
  13 fire giants
  8 emperor scorpions
  55 cacodemons (Pan)
  14 vault wardens
  37 balrugs (Pan)
  3 ghost moths (Spider:4)
  2 warmongers (Pan)
  4 curse skulls
  5 draconian stormcallers
  14 ironheart preservers
  9 draconian scorchers
  5 blood saints (Pan)
  37 very ugly things
  5 deep elf elementalists
  5 spriggan defenders
  4 draconian annihilators
  5 ghouls
  11 stone giants
  10 reapers
  2 war gargoyles
  5 entropy weavers
  4 vampire knights
  3 corrupters (Pan)
  8 black suns (Pan)
  9 black draconians
  9 lorocyprocas (Pan)
  8 deep elf demonologists
  10 white draconians
  15 green draconians
  Azrael (Orc:1)
  14 purple draconians
  8 deep elf annihilators
  14 red draconians
  A minotaur (Gauntlet)
  7 yellow draconians
  A dire elephant (shapeshifter) (Gauntlet)
  2 spark wasps
  A spark wasp (shapeshifter) (Vaults:5)
  6 green deaths
  A mummy priest (Crypt:3)
  9 eidola
  5 deep elf death magi
  22 ettins
  A crystal guardian (Vaults:4)
  10 blizzard demons (Pan)
  11 fire dragons
  4 jiangshi (Crypt:2)
  18 yaktaur captains
  Fannar (Lair:2)
  9 death oozes
  11 deep elf high priests
  26 hydras
  38 vault guards
  17 great orbs of eyes
  6 monstrous demonspawn (Pan)
  3 rakshasas
  2 hell beasts
  4 ice dragons
  An ice dragon (shapeshifter) (Vaults:5)
  3 catoblepae
  3 spriggan air magi
  2 shambling mangroves (Swamp:2)
  4 ghost crabs (Swamp:3)
  7 centaur warriors
  3 death knights
  33 two-headed ogres
  10 alligators
  14 ogre magi
  7 deep troll shamans
  3 death yaks (D:10)
  16 dancing weapons
  8 death scarabs (Spider:4)
  A vampire mage (Crypt:2)
  A spriggan berserker (Depths:4)
  6 deep troll earth magi
  4 orc high priests
  2 thrashing horrors (Swamp:4)
  An iron troll (Depths:3)
  Nergalle (Lair:3)
  20 deep elf knights
  A storm dragon zombie (Crypt:3)
  32 soul eaters
  6 spriggans
  5 hell knights
  8 shadow wraiths
  2 fire crabs (D:15)
  39 skeletal warriors
  61 sun demons (Pan)
  A sea snake (shapeshifter) (Vaults:2)
  A ghost moth zombie (Crypt:3)
  A fire crab (shapeshifter) (Vaults:3)
  62 sixfirhies (Pan)
  A storm dragon skeleton (Crypt:3)
  An anaconda zombie (Crypt:3)
  5 gelid demonspawn (Pan)
  An unseen horror (shapeshifter) (Vaults:5)
  A deep troll (shapeshifter) (Vaults:5)
  2 glowing orange brains
  8 infernal demonspawn (Pan)
  9 swamp dragons
  27 deep trolls
  5 unseen horrors
  7 shadow demons (Pan)
  4 flayed ghosts
  9 deep elf archers
  4 torturous demonspawn (Pan)
  Pikel (D:6)
  5 wizards
  4 spectral wolf spiders (Spider:4)
  2 golden dragon skeletons (Crypt:1)
  13 phantasmal warriors
  12 ironbrand convokers
  13 harpies
  16 orc knights
  15 orb spiders
  An orb spider (shapeshifter) (Vaults:3)
  17 necromancers
  5 wolf spider zombies
  An oklob plant (Lair:3)
  32 wolf spiders
  2 tengu skeletons
  49 deep elf magi
  11 cyclopes
  7 shining eyes
  A stone giant zombie (Crypt:3)
  3 frost giant zombies
  A manticore (shapeshifter) (Depths:2)
  6 orc sorcerers
  A salamander (Depths:4)
  45 ugly things
  6 centaur zombies
  2 black mambas
  9 elephants
  Maurice (Orc:2)
  6 frost giant skeletons
  42 large abominations (Pan)
  A fire giant skeleton (Vaults:4)
  2 rust devils
  3 eyes of devastation
  An ice statue (Gauntlet)
  A dire elephant zombie (Crypt:3)
  24 moths of wrath
  An elephant (shapeshifter) (Vaults:3)
  12 manticores
  12 vault sentinels
  5 spectral swamp worms (Depths:4)
  19 smoke demons (Pan)
  55 orange demons
  A shock serpent skeleton (Pan)
  19 spiny frogs
  A dire elephant skeleton (Crypt:3)
  2 emperor scorpion zombies
  18 hellions (Pan)
  2 centaur skeletons (D:14)
  2 torpor snails
  17 rime drakes
  4 spectral redbacks (Spider:4)
  An ice devil (Pan)
  46 yaktaurs
  4 kobold demonologists
  15 efreet
  28 hellwings
  A tengu conjurer (Elf:1)
  A spriggan skeleton (Depths:1)
  11 komodo dragons
  8 tormentors (Pan)
  A yaktaur skeleton (Vaults:4)
  3 guardian mummies
  45 red devils
  10 freezing wraiths
  22 demonic crawlers
  A polar bear (shapeshifter) (Vaults:2)
  A tyrant leech (shapeshifter) (D:13)
  A harpy zombie (D:15)
  A polar bear (Lair:3)
  12 tyrant leeches
  A hydra zombie (Crypt:3)
  19 hornets
  59 jumping spiders
  10 trolls
  2 hydra skeletons (Crypt:3)
  21 bog bodies
  A slime creature (shapeshifter) (Depths:4)
  6 spectral tarantellas (Spider:4)
  2 spectral jumping spiders (Spider:4)
  3 ettin zombies
  7 dream sheep (Lair:6)
  16 blink frogs
  112 slime creatures
  A snapping turtle (shapeshifter) (Gauntlet)
  A fire dragon zombie (Crypt:3)
  3 jumping spider zombies (Spider:4)
  A stone giant simulacrum (Vaults:2)
  2 tarantella zombies (Spider:4)
  An ice dragon zombie (Crypt:3)
  25 hippogriffs
  A human simulacrum (Vaults:2)
  A dream sheep (shapeshifter) (Vaults:5)
  6 flying skulls (Crypt:1)
  An ice dragon skeleton (Crypt:3)
  An air elemental (Elf:3)
  6 shadows
  A vampire (D:13)
  Sigmund (D:3)
  A fire dragon skeleton (Crypt:1)
  A tarantella (shapeshifter) (Vaults:5)
  36 tarantellas
  73 redbacks
  3 water elementals
  37 yaks
  3 ettin skeletons
  10 ynoxinuls (Pan)
  7 humans
  8 wyverns
  Grum (D:8)
  15 wraiths
  8 basilisks
  A human (shapeshifter) (Depths:2)
  6 hogs
  Eustachio (D:6)
  A golden eye (shapeshifter) (Vaults:2)
  27 chaos spawn (Pan)
  12 golden eyes
  5 fire elementals
  An elf skeleton (Depths:1)
  2 fire bats (Pan)
  10 steam dragons
  15 vampire mosquitoes
  35 neqoxecs (Pan)
  5 hungry ghosts
  Menkaure (D:7)
  17 insubstantial wisps
  3 swamp worms (shapeshifter)
  10 wargs
  A glowing shapeshifter zombie (Crypt:1)
  5 acid dragons
  18 swamp worms
  A hydra simulacrum (Crypt:1)
  8 hell hounds
  A spectral hornet (Spider:4)
  4 water moccasins
  2 floating eyes
  12 ice beasts
  A floating eye (shapeshifter) (Elf:1)
  4 porcupines
  9 swamp drakes
  44 orc warriors
  6 sky beasts
  6 eyes of draining
  A manticore zombie (Crypt:1)
  2 black bears
  38 ogres
  A snapping turtle zombie (Crypt:3)
  3 necrophages
  4 phantoms
  The ghost of Lanoc the Skirmisher, an amateur DsFi (D:6)
  24 centaurs
  4 wolves
  A boggart (Elf:1)
  13 crocodiles
  4 human zombies
  A fire crab zombie (Crypt:1)
  6 big kobolds
  A big kobold (shapeshifter) (Depths:3)
  Blork the orc (D:6)
  21 bullfrogs
  8 gnoll sergeants (Bailey)
  A wyvern zombie (Crypt:2)
  A cyclops skeleton (Crypt:1)
  A water moccasin skeleton (D:7)
  4 wyvern skeletons
  5 scorpions
  2 scorpions (shapeshifter)
  12 killer bees
  6 wights (D:14)
  A yak skeleton (Crypt:2)
  6 electric eels
  3 howler monkeys
  11 crimson imps
  A bullfrog zombie (D:13)
  An iron imp (Depths:1)
  9 hounds
  A jelly (shapeshifter) (Gauntlet)
  5 jellies
  A soldier ant zombie (Crypt:1)
  27 orc wizards
  Crazy Yiuf (D:6)
  25 orc priests
  6 gnoll shamans (Bailey)
  5 bullfrog skeletons
  A human skeleton (Crypt:3)
  4 iguanas
  Natasha (thrice) (D:3)
  A hell rat (D:10)
  9 worker ants
  2 ogre zombies
  A felid zombie (Crypt:1)
  A deep dwarf zombie (Crypt:2)
  3 hound skeletons
  4 mummies
  2 worker ant zombies
  29 gnolls
  12 adders
  A howler monkey skeleton (D:5)
  4 shadow imps
  2 adder skeletons (D:5)
  5 worms
  4 dart slugs
  2 leopard geckos
  112 orcs
  4 bats
  A bat zombie (D:3)
  8 giant cockroaches
  5 goblins
  A goblin (shapeshifter) (Gauntlet)
  11 hobgoblins
  7 jackals
  22 kobolds
  4 quokkas
  2 ball pythons
  A ball python skeleton (D:4)
  4 frilled lizards
  A giant cockroach zombie (Crypt:1)
  2 jackal skeletons
  A kobold zombie (Crypt:2)
  An orc skeleton (Crypt:3)
  A quokka skeleton (D:3)
  3 rats (D:1)
  2 rat zombies (D:3)
  A bush (Elf:3)
  2 fire vortices (Pan)
  2 fungi
  6 plants
  4 withered plants (Crypt:3)
3377 creatures vanquished.

Vanquished Creatures (collateral kills)
  A draconian scorcher (Zot:1)
  A cacodemon (Pan)
  A purple draconian (Zot:3)
  A spriggan air mage (Depths:5)
  A large abomination (Pan)
  2 sixfirhies (Pan)
  2 golden eyes (Pan)
  A neqoxec (Pan)
10 creatures vanquished.

Vanquished Creatures (others)
  3 eldritch tentacles (Pan)
  A red draconian (Volcano)
  A human (D:14)
  A fire bat (Pan)
  An orc warrior (D:14)
  An orc wizard (D:14)
  2 jackals (D:6)
  214 fire vortices
  8 fungi
  10 plants
  17 withered plants
259 creatures vanquished.

Grand Total: 3646 creatures vanquished

Notes
Turn   | Place    | Note
-------+----------+-------------------------------------------
     0 | D:1      | Duffy the Demonspawn Fire Elementalist began the quest for
                  | the Orb.
     0 | D:1      | Reached XP level 1. HP: 13/13 MP: 3/3
   548 | D:1      | Gained mutation: You are slightly more attuned to the
                  | shadows. [demonic ancestry]
   548 | D:1      | Reached XP level 2. HP: 19/19 MP: 3/5
  1919 | D:2      | Reached XP level 3. HP: 24/24 MP: 2/6
  1924 | D:2      | Learned a level 3 spell: Conjure Flame
  1927 | D:2      | Noticed a centaur
  3005 | D:3      | Gained mutation: You have large cloven feet. [demonic
                  | ancestry]
  3005 | D:3      | Reached XP level 4. HP: 27/30 MP: 2/7
  3078 | D:3      | Learned a level 4 spell: Sticky Flame
  3130 | D:3      | Found a basalt altar of Yredelemnul.
  3534 | D:3      | Noticed Sigmund
  3959 | D:2      | Found a shimmering altar of Xom.
  4246 | D:3      | Killed Sigmund
  4246 | D:3      | Reached skill level 3 in Spellcasting
  4246 | D:3      | Gained mutation: You are partially covered in iridescent
                  | scales. (AC +2) [demonic ancestry]
  4246 | D:3      | Reached XP level 5. HP: 19/35 MP: 8/10
  4425 | D:3      | Reached XP level 6. HP: 41/41 MP: 8/11
  4555 | D:3      | Found a glowing golden altar of the Shining One.
  4849 | D:3      | Noticed Natasha
  4850 | D:3      | Found an ancient bone altar of Kikubaaqudgha.
  4953 | D:4      | Found a burning altar of Makhleb.
  5355 | D:4      | Found an opulent altar of Gozag.
  5775 | D:3      | Reached skill level 4 in Spellcasting
  5775 | D:3      | Reached XP level 7. HP: 43/46 MP: 5/13
  5815 | D:3      | Learned a level 5 spell: Fireball
  6247 | D:4      | Got a thick robe
  6258 | D:4      | Identified the +0 robe of Sovereignty {rElec rN+} (You
                  | found it on level 4 of the Dungeon)
  6287 | D:4      | Reached skill level 5 in Conjurations
  6396 | D:4      | Reached skill level 1 in Evocations
  7220 | D:5      | Entered Level 5 of the Dungeon
  7374 | D:5      | Found a bloodstained altar of Trog.
  7406 | D:5      | Reached skill level 1 in Fighting
  7684 | D:5      | Reached XP level 8. HP: 56/56 MP: 5/14
  8291 | D:6      | Found a runed door.
  8295 | D:6      | Noticed Crazy Yiuf
  8299 | D:6      | Killed Crazy Yiuf
  8446 | D:6      | Noticed Blork the orc
  8805 | D:6      | Found a staircase to the Ecumenical Temple.
  8814 | D:6      | Killed Blork the orc
  8825 | Temple   | Entered the Ecumenical Temple
  9224 | D:6      | Got a shimmering dagger
  9239 | D:6      | Found a glowing silver altar of Zin.
  9264 | D:6      | Reached skill level 5 in Evocations
  9276 | D:6      | Noticed Eustachio
  9287 | D:6      | Killed Eustachio
  9287 | D:6      | Reached skill level 5 in Fighting
  9530 | D:6      | Noticed Pikel
  9548 | D:6      | Killed Pikel
  9548 | D:6      | Reached skill level 5 in Dodging
  9548 | D:6      | Gained mutation: You have hoof-like feet. [demonic
                  | ancestry]
  9548 | D:6      | Reached XP level 9. HP: 68/68 MP: 7/15
  9622 | D:6      | Found a stormy altar of Qazlal.
  9672 | D:6      | Found a large runed door.
  9673 | D:6      | Found a large runed door.
  9677 | D:6      | Noticed Lanoc's ghost (amateur DsFi)
  9678 | D:6      | Got an encrusted leather armour
  9689 | D:6      | Identified the +3 leather armour of Cowardice {Int+2 Dex+2}
                  | (You found it on level 6 of the Dungeon)
 10128 | D:2      | Found a sacrificial altar of Ru.
 10494 | D:3      | Killed Natasha
 10632 | D:3      | Found a glowing golden altar of the Shining One.
 10858 | D:3      | Noticed Natasha
 10861 | D:3      | Killed Natasha
 11039 | D:3      | Noticed Natasha
 11044 | D:3      | Killed Natasha
 11267 | D:6      | Killed Lanoc's ghost
 11609 | D:7      | Found a hide-covered altar of Uskayaw.
 11635 | D:7      | Found Astey's Armour Boutique.
 11664 | D:7      | Found a blossoming altar of Fedhas.
 11889 | D:7      | Found a deep blue altar of Sif Muna.
 11890 | D:7      | Found a hazy altar of Hepliaklqana.
 11896 | D:7      | Became a worshipper of Sif Muna the Loreminder
 12140 | D:7      | Noticed Menkaure
 12144 | D:7      | Killed Menkaure
 12787 | D:8      | Reached skill level 5 in Spellcasting
 13276 | D:8      | Found a bloodstained altar of Trog.
 13317 | D:8      | Gained mutation: You are significantly more attuned to the
                  | shadows. [demonic ancestry]
 13317 | D:8      | Reached XP level 10. HP: 77/77 MP: 8/18
 13366 | D:8      | Found a flagged portal.
 13388 | Bailey   | Entered a bailey
 13980 | Bailey   | Reached skill level 6 in Spellcasting
 14307 | Bailey   | Got a smoking bronze amulet
 14971 | D:8      | Reached skill level 7 in Spellcasting
 15175 | D:8      | Noticed a two-headed ogre
 15189 | D:8      | Killed a two-headed ogre
 15189 | D:8      | Reached * piety under Sif Muna
 15189 | D:8      | Reached skill level 8 in Spellcasting
 15345 | D:8      | Reached skill level 5 in Fire Magic
 15826 | D:8      | Noticed Grum
 15856 | D:8      | Killed Grum
 16009 | D:8      | Reached ** piety under Sif Muna
 16726 | D:9      | Found Qotreino's Jewellery Shop.
 16869 | D:9      | Gained mutation: You are mostly covered in iridescent
                  | scales. (AC +4) [demonic ancestry]
 16869 | D:9      | Reached XP level 11. HP: 84/84 MP: 19/23
 17107 | D:9      | Reached skill level 9 in Spellcasting
 17137 | D:9      | Found a white marble altar of Elyvilon.
 17858 | D:10     | Entered Level 10 of the Dungeon
 18157 | D:10     | Noticed a death yak
 18160 | D:10     | Noticed a death yak
 18176 | D:10     | Noticed a death yak
 18190 | D:10     | Killed a death yak
 18190 | D:10     | Reached *** piety under Sif Muna
 18203 | D:10     | Killed a death yak
 18252 | D:10     | Killed a death yak
 18639 | D:10     | Noticed an unseen horror
 18643 | D:10     | Killed an unseen horror
 18976 | D:10     | Identified the amulet "Pousuc" {Inacc rF+ rC+ Int+4} (You
                  | found it in a bailey)
 19023 | D:10     | Found a staircase to the Lair.
 19415 | Lair:1   | Entered Level 1 of the Lair of Beasts
 19437 | Lair:1   | Noticed a seven-headed hydra
 19446 | Lair:1   | Killed a seven-headed hydra
 19446 | Lair:1   | Reached skill level 1 in Invocations
 19647 | D:9      | Bought the ring "Ucoobem" {rElec rPois Int+4 Dex+4} for 696
                  | gold pieces
 19732 | Lair:1   | Reached skill level 10 in Spellcasting
 19800 | Lair:1   | Noticed a four-headed hydra
 19809 | Lair:1   | Killed a four-headed hydra
 19809 | Lair:1   | Reached **** piety under Sif Muna
 19853 | Lair:1   | Noticed a seven-headed hydra
 19862 | Lair:1   | Killed a seven-headed hydra
 20037 | Lair:1   | Reached XP level 12. HP: 55/91 MP: 3/26
 21012 | Lair:1   | Got a crystal hunting sling
 21013 | Lair:1   | Identified the +9 hunting sling "Vacusmap" {speed, rPois}
                  | (You found it on level 1 of the Lair of Beasts)
 21165 | Lair:2   | Noticed Fannar
 21179 | Lair:2   | Killed Fannar
 21207 | Lair:1   | Reached skill level 5 in Invocations
 21881 | Lair:2   | Identified the cursed +3 dagger "Killer Bee's Doom" {vamp,
                  | Int+3} (You found it on level 6 of the Dungeon)
 22041 | Lair:2   | Reached ***** piety under Sif Muna
 22332 | Lair:2   | Identified Sif Muna's Volume of Dark Secrets and
                  | Conjuration (Sif Muna gifted it to you on level 2 of the
                  | Lair of Beasts)
 22332 | Lair:2   | Received a gift from Sif Muna
 22464 | Lair:2   | Learned a level 3 spell: Regeneration
 22574 | Lair:2   | Reached skill level 11 in Spellcasting
 22918 | Lair:2   | Found a hole to the Spider Nest.
 23630 | Lair:2   | Reached skill level 10 in Conjurations
 23747 | Lair:2   | Gained mutation: You regenerate a little health from kills.
                  | [demonic ancestry]
 23747 | Lair:2   | Reached XP level 13. HP: 81/96 MP: 2/28
 25419 | Lair:3   | Noticed Nergalle
 25427 | Lair:3   | Killed Nergalle
 25846 | Lair:3   | Found a staircase to the Swamp.
 26315 | Lair:4   | Found a gate leading to a gauntlet.
 26322 | Gauntlet | Entered a Gauntlet
 26322 | Gauntlet | Found a transporter.
 26328 | Gauntlet | Found a transporter.
 26330 | Gauntlet | Found a transporter.
 26347 | Gauntlet | Found a transporter.
 26353 | Gauntlet | Found a transporter.
 26356 | Gauntlet | Found a runed translucent door.
 26357 | Gauntlet | Found a runed translucent door.
 26361 | Gauntlet | Found a transporter.
 26374 | Gauntlet | Noticed a dire elephant
 26376 | Gauntlet | Found a transporter.
 26381 | Gauntlet | Found a transporter.
 26392 | Gauntlet | Found a runed translucent door.
 26399 | Gauntlet | Found a transporter.
 26410 | Gauntlet | Found a transporter.
 26414 | Gauntlet | Found a transporter.
 26415 | Gauntlet | Found a transporter.
 26416 | Gauntlet | Found a transporter.
 26449 | Gauntlet | Found a transporter.
 26628 | Gauntlet | Noticed an azure jelly
 26628 | Gauntlet | Noticed an emperor scorpion
 26628 | Gauntlet | an azure jelly changed into an emperor scorpion
 26636 | Gauntlet | an emperor scorpion changed into a great orb of eyes
 26774 | Gauntlet | Got a scintillating lapis lazuli ring
 26851 | Gauntlet | Identified the ring "Zumo" {rCorr Dex+3} (You found it in a
                  | Gauntlet)
 27113 | Gauntlet | Noticed a minotaur
 27122 | Gauntlet | Noticed a dire elephant
 27122 | Gauntlet | a minotaur changed into a dire elephant
 27129 | Gauntlet | Killed a dire elephant
 27259 | Gauntlet | Got a transparent helmet
 27270 | Gauntlet | Identified the +0 helmet of Negligence {Dex+7} (You found
                  | it in a Gauntlet)
 27310 | Gauntlet | Noticed a minotaur
 27330 | Gauntlet | Killed a minotaur
 27330 | Gauntlet | Reached skill level 10 in Fire Magic
 28085 | Lair:4   | Reached skill level 10 in Invocations
 28112 | Lair:4   | Reached skill level 12 in Spellcasting
 28436 | Lair:4   | Reached skill level 1 in Necromancy
 28586 | Lair:4   | Learned a level 2 spell: Blink
 28590 | Lair:4   | Learned a level 3 spell: Mephitic Cloud
 28905 | Lair:4   | Reached skill level 1 in Charms
 29892 | Lair:5   | Found a viscous altar of Jiyva.
 29892 | Lair:5   | Found a staircase to the Slime Pits.
 30093 | Lair:5   | You fall through a shaft!
 30093 | Lair:6   | Entered Level 6 of the Lair of Beasts
 30093 | Lair:6   | Found a dark tunnel.
 30166 | Volcano  | Entered a volcano
 30172 | Volcano  | Learned a level 4 spell: Throw Icicle
 30388 | Volcano  | Noticed a red draconian
 30389 | Volcano  | Identified Varytimm's Handbook of Frigorific Ignition (Sif
                  | Muna gifted it to you in a volcano)
 30389 | Volcano  | Received a gift from Sif Muna
 30406 | Volcano  | Killed a red draconian
 30522 | Volcano  | Reached XP level 14. HP: 51/103 MP: 15/30
 30734 | Volcano  | Found a burning altar of Makhleb.
 32149 | Lair:6   | Got a translucent hand axe
 32150 | Lair:6   | Identified the +9 hand axe "Houzutura" {freeze, +Blink
                  | rElec rC- Dex+4} (You found it on level 6 of the Lair of
                  | Beasts)
 33648 | Lair:6   | Identified a scroll of acquirement
 33649 | Lair:6   | Found the +7 Kryia's mail coat {PotionHeal*2 rC+}
 34391 | D:11     | Found a sparkling altar of Nemelex Xobeh.
 34967 | D:11     | Found a staircase to the Orcish Mines.
 35240 | Orc:1    | Entered Level 1 of the Orcish Mines
 35398 | Orc:1    | Noticed a stone giant
 35758 | D:11     | Killed a stone giant
 36368 | Orc:2    | Entered Level 2 of the Orcish Mines
 36451 | Orc:1    | Learned a level 5 spell: Bolt of Magma
 36593 | Orc:2    | Noticed Azrael
 36789 | D:11     | Reached skill level 1 in Translocations
 37029 | Orc:1    | Killed Azrael
 37029 | Orc:1    | Identified Sif Muna's Reference Book on Attacks (Sif Muna
                  | gifted it to you on level 1 of the Orcish Mines)
 37029 | Orc:1    | Received a gift from Sif Muna
 37061 | Orc:1    | Learned a level 6 spell: Bolt of Fire
 37376 | Orc:2    | Noticed an orc warlord
 37396 | Orc:1    | Killed an orc warlord
 37396 | Orc:1    | Reached skill level 13 in Spellcasting
 37998 | Orc:2    | Learned a level 6 spell: Deflect Missiles
 38134 | Orc:2    | Noticed Maurice
 38250 | Orc:2    | Killed Maurice
 38448 | Orc:2    | Found a staircase to the Elven Halls.
 38480 | Orc:2    | Found Kiaddeig's General Store.
 38706 | Orc:2    | Found a burning altar of Makhleb.
 39143 | Orc:2    | Noticed Saint Roka
 39163 | Orc:2    | Killed Saint Roka
 39163 | Orc:2    | Reached skill level 1 in Air Magic
 40989 | Orc:2    | Reached XP level 15. HP: 110/110 MP: 4/32
 41285 | Orc:2    | Found Estoc's Food Boutique.
 41285 | Orc:2    | Found Yjiwum's Weapon Boutique.
 41286 | Orc:2    | Found Nokot's Jewellery Shoppe.
 41301 | Orc:2    | Found Itozosh's Weapon Shoppe.
 41345 | Orc:2    | Bought an uncursed ring of protection from magic for 300
                  | gold pieces
 41501 | D:9      | Bought an uncursed ring of magical power for 260 gold
                  | pieces
 42800 | D:12     | Received a gift from Sif Muna
 43270 | D:12     | Found Agefed Wuu's Book Shoppe.
 45214 | D:13     | Got a silken robe
 45273 | D:13     | Identified the cursed +0 robe of Parts Unknown {*Drain
                  | Str+4 Dex+2 SInv} (You found it on level 13 of the Dungeon)
 45792 | D:14     | Reached skill level 5 in Charms
 46674 | D:14     | Found a gate to the Vaults.
 46790 | D:14     | Upgraded the game from 0.23-a0-767-gdc19b93 to
                  | 0.23-a0-808-gd21de94
 47040 | D:14     | Received a gift from Sif Muna
 47047 | D:14     | Got a translucent hand axe
 47048 | D:14     | Identified the cursed +1 hand axe of the Apocalypse {venom,
                  | +Fly rElec} (You found it on level 14 of the Dungeon)
 48184 | D:15     | Entered Level 15 of the Dungeon
 49108 | D:15     | Reached skill level 5 in Air Magic
 49926 | D:15     | Found a staircase to the Depths.
 49929 | D:15     | Reached skill level 14 in Spellcasting
 50780 | D:15     | Reached XP level 16. HP: 117/117 MP: 7/34
 50797 | D:15     | Received a gift from Sif Muna
 51598 | Lair:3   | Found a radiant altar of Vehumet.
 51671 | Swamp:1  | Entered Level 1 of the Swamp
 52401 | Swamp:1  | Learned a level 4 spell: Iskenderun's Mystic Blast
 54746 | Swamp:2  | Noticed a tentacled monstrosity
 54764 | Swamp:2  | Killed a tentacled monstrosity
 55737 | Swamp:2  | Identified Sif Muna's Handbook of Cankerous Combat Magic
                  | (Sif Muna gifted it to you on level 2 of the Swamp)
 55737 | Swamp:2  | Received a gift from Sif Muna
 55737 | Swamp:2  | Reached skill level 1 in Shields
 56223 | Swamp:2  | Noticed a thorn hunter
 56227 | Swamp:2  | Killed a thorn hunter
 56669 | Swamp:2  | Noticed a thorn hunter
 56671 | Swamp:2  | Killed a thorn hunter
 57716 | Swamp:3  | Noticed a thorn hunter
 57720 | Swamp:3  | Killed a thorn hunter
 58580 | Swamp:3  | Noticed Roxanne
 58880 | Swamp:3  | Killed Roxanne
 58880 | Swamp:3  | Gained mutation: You have hooves in place of feet. [demonic
                  | ancestry]
 58880 | Swamp:3  | Reached XP level 17. HP: 126/126 MP: 21/35
 59159 | Swamp:4  | Entered Level 4 of the Swamp
 60868 | Swamp:4  | Reached skill level 15 in Spellcasting
 61017 | Swamp:4  | Reached skill level 10 in Fighting
 61179 | Swamp:4  | Received a gift from Sif Muna
 62350 | Swamp:4  | Noticed a tentacled monstrosity
 62445 | Swamp:4  | Killed a tentacled monstrosity
 63417 | Swamp:4  | Got a decaying rune of Zot
 63874 | Swamp:1  | Learned a level 8 spell: Ignition
 63940 | Spider:1 | Entered Level 1 of the Spider Nest
 63941 | Spider:1 | Identified Sif Muna's Grimoire of Darkness (Sif Muna gifted
                  | it to you on level 1 of the Spider Nest)
 63941 | Spider:1 | Received a gift from Sif Muna
 64632 | Spider:1 | Noticed Frances
 64640 | Spider:1 | Killed Frances
 66165 | Spider:2 | Noticed Asterion
 66674 | Spider:2 | Reached skill level 15 in Fire Magic
 66880 | Spider:1 | Killed Asterion
 66880 | Spider:1 | Reached skill level 1 in Earth Magic
 67790 | Spider:2 | You fall through a shaft!
 67964 | Spider:3 | Identified Zunasch's Catalogue of Heat and the Entourage
                  | (Sif Muna gifted it to you on level 3 of the Spider Nest)
 67964 | Spider:3 | Received a gift from Sif Muna
 68445 | Spider:3 | Gained mutation: You are completely attuned to the shadows.
                  | [demonic ancestry]
 68445 | Spider:3 | Reached XP level 18. HP: 129/134 MP: 14/37
 70885 | Spider:3 | Received a gift from Sif Muna
 71519 | Spider:4 | Entered Level 4 of the Spider Nest
 71653 | Spider:4 | Noticed Arachne
 71959 | Spider:4 | Killed Arachne
 71959 | Spider:4 | Reached skill level 16 in Spellcasting
 73269 | Spider:4 | Reached skill level 5 in Earth Magic
 73907 | Spider:4 | Identified Sif Muna's Incunabulum of the Voyage (Sif Muna
                  | gifted it to you on level 4 of the Spider Nest)
 73907 | Spider:4 | Received a gift from Sif Muna
 75929 | Spider:4 | Identified Sif Muna's Almanac of Attacks and Dark Arts (Sif
                  | Muna gifted it to you on level 4 of the Spider Nest)
 75929 | Spider:4 | Received a gift from Sif Muna
 76611 | Spider:4 | Got a gossamer rune of Zot
 77016 | Orc:2    | Bought a potion of curing for 39 gold pieces
 77037 | Elf:1    | Entered Level 1 of the Elven Halls
 78113 | Elf:1    | Reached XP level 19. HP: 140/140 MP: 39/39
 78147 | Elf:1    | Noticed Kirke
 78152 | Elf:1    | Killed Kirke
 78461 | Elf:1    | Reached skill level 17 in Spellcasting
 79296 | Elf:2    | Identified Sif Muna's Catalogue of Assistive Attacks (Sif
                  | Muna gifted it to you on level 2 of the Elven Halls)
 79296 | Elf:2    | Received a gift from Sif Muna
 79732 | Elf:2    | Found a runed gate.
 79732 | Elf:2    | Found a runed gate.
 79737 | Elf:2    | Found a runed gate.
 81552 | Elf:2    | Found a runed door.
 81903 | Elf:2    | Identified the Handbook of the Spheres
 81932 | Elf:3    | Entered Level 3 of the Elven Halls
 82373 | Elf:3    | Learned a level 1 spell: Summon Butterflies
 82471 | Elf:3    | Reached skill level 1 in Summonings
 83246 | Elf:3    | Identified Sif Muna's Tome of Clay (Sif Muna gifted it to
                  | you on level 3 of the Elven Halls)
 83246 | Elf:3    | Received a gift from Sif Muna
 83369 | Elf:3    | Learned a level 6 spell: Iron Shot
 83464 | Elf:3    | Found Lutiram's Jewellery Shoppe.
 83464 | Elf:3    | Found Bashriat's Jewellery Shoppe.
 83465 | Elf:3    | Found Aseroff's Gadget Boutique.
 84426 | Elf:3    | Identified the +1 leather armour "Myhopeil" {-Tele rN+
                  | Str+5 Dex+2}
 84911 | Elf:3    | Identified the +3 whip of Amiczis {drain, Fragile +Blink
                  | rF++ Stlth+}
 84911 | Elf:3    | Identified the +1 plate armour "Facuresm" {rElec rF+}
 84911 | Elf:3    | Identified the ring of the Solstice {rCorr +Inv Str+4}
 85189 | Elf:3    | Identified the +10 falchion of Exoneration {vamp, Str+4}
 85410 | Elf:3    | Gained mutation: You regenerate health from kills. [demonic
                  | ancestry]
 85410 | Elf:3    | Reached XP level 20. HP: 151/151 MP: 34/41
 85945 | Elf:3    | Identified the +2 rapier of Blind Justice {venom, rC++
                  | Stlth+}
 86706 | Elf:3    | Reached skill level 18 in Spellcasting
 86808 | Elf:3    | Found the +3 Elemental Staff {rElec rF++ rC++ MR++ AC+5}
 86812 | Elf:3    | Found the +7 sceptre of Torment {pain, torment}
 86934 | Elf:3    | Identified Geineu Jeoss's Disquisition on Quantum Air
 87685 | Vaults:1 | Entered Level 1 of the Vaults
 87742 | Vaults:1 | Received a gift from Sif Muna
 88644 | Vaults:1 | Reached skill level 5 in Shields
 90935 | Vaults:1 | Found a portal to a secret trove of treasure.
 92636 | Vaults:2 | Identified the ring of Puuvvumama {rCorr Str+4}
 92935 | Vaults:2 | Reached skill level 10 in Shields
 93395 | Vaults:2 | Gained mutation: You are completely covered in iridescent
                  | scales. (AC +6) [demonic ancestry]
 93395 | Vaults:2 | Reached XP level 21. HP: 159/159 MP: 7/43
 93753 | Vaults:2 | Found Epiutis's Jewellery Shop.
 94659 | Vaults:2 | Identified Sif Muna's Collected Works on Nocuous Calling
                  | (Sif Muna gifted it to you on level 2 of the Vaults)
 94659 | Vaults:2 | Received a gift from Sif Muna
 95093 | Vaults:2 | Found a staircase to the Crypt.
 96417 | Vaults:3 | Identified The Arcane Secrets of Witchcraft
 96870 | Vaults:3 | Got an ancient scale mail
 96872 | Vaults:3 | Identified the +3 scale mail of Eguigivewk {rPois rC+ MR++
                  | Dex-2} (You found it on level 3 of the Vaults)
 96906 | Vaults:3 | Got a ruby-encrusted crystal plate armour
 96908 | Vaults:3 | Identified the +1 crystal plate armour of Racois {Int+2}
                  | (You acquired it on level 3 of the Vaults)
100505 | Vaults:3 | Received a gift from Sif Muna
100892 | Depths:1 | Entered Level 1 of the Depths
101332 | Depths:1 | Reached skill level 15 in Shields
101746 | Depths:1 | Gained mutation: You are robust. (+10% HP) [demonic
                  | ancestry]
101746 | Depths:1 | Reached XP level 22. HP: 159/181 MP: 25/44
102144 | Depths:1 | Found a gateway to Hell.
104040 | Depths:2 | Found Viubeism's Distillery.
104045 | Depths:2 | Bought a potion of heal wounds for 80 gold pieces
104045 | Depths:2 | Bought a potion of curing for 48 gold pieces
104045 | Depths:2 | Bought a potion of curing for 48 gold pieces
104045 | Depths:2 | Bought a potion of heal wounds for 80 gold pieces
104045 | Depths:2 | Bought a potion of ambrosia for 128 gold pieces
104045 | Depths:2 | Bought a potion of cancellation for 128 gold pieces
104062 | Depths:2 | Found a gateway to a ziggurat.
104665 | Depths:2 | Found a runed door.
104666 | Depths:2 | Noticed a golden dragon
104667 | Depths:2 | Noticed a golden dragon
104667 | Depths:2 | Noticed a juggernaut
104672 | Depths:2 | Killed a golden dragon
104675 | Depths:2 | Killed a golden dragon
104675 | Depths:2 | Killed a juggernaut
104823 | Depths:2 | Got a crude robe
104824 | Depths:2 | Identified the cursed +1 robe of Meiqan {rPois rF+ rC+
                  | Int+4} (You found it on level 2 of the Depths)
104891 | Depths:2 | Identified Sif Muna's Handbook of Burning Shape Shifting
                  | (Sif Muna gifted it to you on level 2 of the Depths)
104891 | Depths:2 | Received a gift from Sif Muna
105878 | Depths:3 | Reached skill level 10 in Earth Magic
106279 | Depths:3 | Noticed a juggernaut
106293 | Depths:2 | Killed a juggernaut
106450 | Depths:3 | Noticed a golden dragon
106456 | Depths:3 | Killed a golden dragon
107668 | Depths:3 | Identified the +8 hand crossbow "Puabao" {venom, rC- Str+5
                  | SInv Stlth+}
107784 | Depths:3 | Found a one-way gate to the infinite horrors of the Abyss.
107970 | Depths:3 | Gained mutation: You regenerate a lot of health from kills.
                  | [demonic ancestry]
107970 | Depths:3 | Reached XP level 23. HP: 198/198 MP: 8/45
108228 | Depths:3 | Reached skill level 15 in Fighting
108319 | Depths:3 | Reached skill level 10 in Dodging
109668 | Depths:3 | Found a one-way gate leading to the halls of Pandemonium.
110532 | Depths:4 | Found a corrupted altar of Lugonu.
110803 | Depths:4 | Noticed a juggernaut
110823 | Depths:4 | Killed a juggernaut
111101 | Depths:4 | Reached skill level 1 in Armour
111455 | Depths:4 | Identified the +4 flail of Caonaitu {flame, -Tele rPois
                  | Dex+4}
111457 | Depths:4 | Noticed a juggernaut
111762 | Depths:4 | Reached skill level 5 in Armour
112095 | Depths:4 | Received a gift from Sif Muna
112255 | Depths:4 | Noticed a juggernaut
112263 | Depths:4 | Killed a juggernaut
112263 | Depths:4 | Killed a juggernaut
112656 | Depths:4 | Learned a level 1 spell: Apportation
112659 | Depths:4 | Learned a level 2 spell: Swiftness
113663 | Depths:5 | Entered Level 5 of the Depths
113893 | Depths:5 | Noticed Boris
113991 | Depths:4 | Killed Boris
114525 | Depths:5 | Noticed a juggernaut
114555 | Depths:5 | Killed a juggernaut
114555 | Depths:5 | Received a gift from Sif Muna
114555 | Depths:5 | Reached XP level 24. HP: 124/206 MP: 17/45
115514 | Depths:5 | Found a gate to the Realm of Zot.
116323 | Slime:1  | Entered Level 1 of the Pits of Slime
117238 | Slime:5  | Entered Level 5 of the Pits of Slime
117386 | Slime:4  | Identified Sif Muna's Almanac of Blows and Bruises (Sif
                  | Muna gifted it to you on level 4 of the Pits of Slime)
117386 | Slime:4  | Received a gift from Sif Muna
117668 | Slime:5  | Reached skill level 19 in Spellcasting
117944 | Slime:5  | Gained mutation: Your spells are a little easier to cast,
                  | but a little less powerful. [a shining eye]
119075 | Slime:5  | Noticed the Royal Jelly
119098 | Slime:5  | Killed the Royal Jelly
119373 | Slime:5  | Got a translucent buckler
119374 | Slime:5  | Identified the cursed +0 buckler of the Invisible Hand
                  | {+Fly rCorr Int+4} (You found it on level 5 of the Pits of
                  | Slime)
119394 | Slime:5  | Got a steaming mace
119395 | Slime:5  | Identified the +5 mace of Cyrieth Qice {antimagic, Int+2
                  | Stlth+} (You found it on level 5 of the Pits of Slime)
119400 | Slime:5  | Got a twisted chain mail
119428 | Slime:5  | Found the +15 Maxwell's patent armour {-Cast -Tele rElec
                  | MR+ rCorr}
119449 | Slime:5  | Got a twisted dagger
119450 | Slime:5  | Identified the +9 dagger of Balance {pierce, rElec rC++
                  | Str+6} (You found it on level 5 of the Pits of Slime)
119454 | Slime:5  | Got a coiled granite ring
119455 | Slime:5  | Identified the ring "Qurohoow" {*Corrode +Inv rF++ Int+3
                  | Stlth-} (You found it on level 5 of the Pits of Slime)
119480 | Slime:5  | Got a scintillating lead ring
119481 | Slime:5  | Identified the ring of Qiepal {AC+1 Str+5 Dex+4 Slay-4
                  | SInv} (You found it on level 5 of the Pits of Slime)
119589 | Slime:5  | Got a slimy rune of Zot
120349 | Slime:5  | Identified the cursed +1 chain mail of a wizard's
                  | laboratory {MR+ Str+4 Dex+4} (You found it on level 5 of
                  | the Pits of Slime)
120392 | Slime:5  | Learned a level 9 spell: Fire Storm
121531 | Crypt:1  | Entered Level 1 of the Crypt
121974 | Crypt:1  | Received a gift from Sif Muna
122114 | Crypt:2  | Learned a level 5 spell: Lee's Rapid Deconstruction
122651 | Vaults:2 | Lost mutation: Your spells are a little easier to cast, but
                  | a little less powerful. [potion of mutation]
122651 | Vaults:2 | Gained mutation: You tend to lose your temper in combat.
                  | [potion of mutation]
122651 | Vaults:2 | Gained mutation: You have an increased reservoir of magic.
                  | (+10% MP) [potion of mutation]
123592 | Crypt:2  | Reached skill level 15 in Conjurations
124845 | Crypt:2  | Reached XP level 25. HP: 213/213 MP: 45/51
125178 | Crypt:2  | Identified Sif Muna's Papyrus of Ashen Malediction (Sif
                  | Muna gifted it to you on level 2 of the Crypt)
125178 | Crypt:2  | Received a gift from Sif Muna
125549 | Crypt:3  | Entered Level 3 of the Crypt
126604 | Crypt:3  | Identified the Catalogue of Evil Rituals
127739 | Crypt:3  | Found an ancient bone altar of Kikubaaqudgha.
128885 | Crypt:3  | Found a staircase to the Tomb.
128942 | Crypt:3  | Reached skill level 20 in Spellcasting
129690 | Crypt:3  | Noticed an ancient lich
129708 | Crypt:3  | Killed an ancient lich
129875 | Crypt:3  | Noticed an ancient lich
129882 | Crypt:3  | Gained mutation: Potions are less effective at restoring
                  | your health. [a cacodemon]
130274 | Crypt:3  | Killed an ancient lich
130274 | Crypt:3  | Received a gift from Sif Muna
130405 | Crypt:3  | Got a fine trident
130406 | Crypt:3  | Identified the cursed +0 trident of Infection {freeze, rN+}
                  | (You found it on level 3 of the Crypt)
130827 | Crypt:3  | Identified the Papyrus of Necromancy
131232 | Vaults:5 | Entered Level 5 of the Vaults
131238 | Vaults:5 | Reached skill level 15 in Invocations
131388 | Vaults:5 | Noticed an ancient lich
131748 | Vaults:4 | Killed an ancient lich
132071 | Vaults:5 | Received a gift from Sif Muna
132404 | Vaults:5 | Gained mutation: You are very robust. (+20% HP) [demonic
                  | ancestry]
132404 | Vaults:5 | Reached XP level 26. HP: 213/241 MP: 0/52
133696 | Vaults:5 | Received a gift from Sif Muna
133848 | Vaults:5 | Identified the +6 plate armour "Zinem" {Int+3}
133937 | Vaults:5 | Identified the +4 longbow of the Wraith {flame, rF- rC+
                  | Dex+4 Stlth+}
134127 | Vaults:5 | Reached skill level 21 in Spellcasting
134493 | Vaults:5 | Identified the +7 flail of the Endless Expanse {crush, rN++
                  | MR-}
134656 | Vaults:5 | Identified the ring "Utidir" {*Tele Slay+5}
135334 | Vaults:5 | Identified Teleli's Almanac of Nocuous Fire
135338 | Vaults:5 | Identified the Grimoire of the Helpful Arsonist
135754 | Vaults:5 | Identified the ring of Due Proportion {rElec rF+ rN+ Int-2
                  | SInv}
136083 | Vaults:5 | Got a silver rune of Zot
136204 | Vaults:5 | Found Baveo's Distillery.
136208 | Vaults:5 | Bought a potion of brilliance for 72 gold pieces
136208 | Vaults:5 | Bought a potion of cancellation for 144 gold pieces
136208 | Vaults:5 | Bought a potion of agility for 72 gold pieces
136208 | Vaults:5 | Bought a potion of haste for 180 gold pieces
136208 | Vaults:5 | Bought a potion of haste for 180 gold pieces
136208 | Vaults:5 | Bought 2 potions of haste for 360 gold pieces
136208 | Vaults:5 | Bought 2 potions of curing for 108 gold pieces
136208 | Vaults:5 | Bought a potion of cancellation for 144 gold pieces
136208 | Vaults:5 | Bought a potion of flight for 54 gold pieces
136277 | Vaults:5 | Identified the Disquisition on Cloudy Evil
136716 | Zot:1    | Entered Level 1 of the Realm of Zot
136841 | Zot:1    | Reached skill level 10 in Evocations
137407 | Zot:1    | Identified Sif Muna's Disquisition on Enthralling Creation
                  | (Sif Muna gifted it to you on level 1 of the Realm of Zot)
137407 | Zot:1    | Received a gift from Sif Muna
137778 | Zot:1    | Noticed an orb of fire
137779 | Zot:1    | Gained mutation: You do not regenerate when monsters are
                  | visible. [an orb of fire]
137787 | Zot:1    | Killed an orb of fire
137793 | Zot:1    | Noticed an orb of fire
137800 | Zot:1    | Gained mutation: Your mind is acute. (Int +2) [an orb of
                  | fire]
138551 | Zot:1    | Killed an orb of fire
138551 | Zot:1    | Identified Sif Muna's Disquisition on Freezing Companions
                  | (Sif Muna gifted it to you on level 1 of the Realm of Zot)
138551 | Zot:1    | Received a gift from Sif Muna
138840 | Zot:1    | Gained mutation: You are extremely robust. (+30% HP)
                  | [demonic ancestry]
138840 | Zot:1    | Reached XP level 27. HP: 214/269 MP: 30/53
139367 | Zot:1    | Reached ****** piety under Sif Muna
140723 | Zot:2    | Noticed an orb of fire
140727 | Zot:2    | Killed an orb of fire
140851 | Zot:2    | Reached skill level 22 in Spellcasting
141137 | Zot:2    | Identified Sif Muna's Volume of Envenoming and
                  | Confrontation (Sif Muna gifted it to you on level 2 of the
                  | Realm of Zot)
141137 | Zot:2    | Received a gift from Sif Muna
143400 | Zot:3    | Identified Sif Muna's Catalogue of Floating Calling (Sif
                  | Muna gifted it to you on level 3 of the Realm of Zot)
143400 | Zot:3    | Received a gift from Sif Muna
146823 | Zot:4    | Reached skill level 23 in Spellcasting
147857 | Zot:4    | Noticed an orb of fire
147862 | Zot:4    | Killed an orb of fire
148571 | Zot:5    | Entered Level 5 of the Realm of Zot
148697 | Zot:5    | Found a blossoming altar of Fedhas.
149458 | Vaults:1 | You paid a toll of +3 fire dragon scales to enter a
                  | treasure trove
149459 | Trove    | Entered a treasure trove
149924 | Orc:2    | Bought a ration for 65 gold pieces
149924 | Orc:2    | Bought a ration for 65 gold pieces
149924 | Orc:2    | Bought a ration for 65 gold pieces
149946 | Orc:2    | Bought 5 javelins of penetration for 156 gold pieces
150067 | Elf:3    | Bought a wand of clouds (6) for 480 gold pieces
150067 | Elf:3    | Bought a phantom mirror for 480 gold pieces
150067 | Elf:3    | Bought a wand of acid (3) for 224 gold pieces
150067 | Elf:3    | Bought a wand of iceblast (7) for 176 gold pieces
150067 | Elf:3    | Bought a box of beasts for 320 gold pieces
150067 | Elf:3    | Bought a box of beasts for 320 gold pieces
150067 | Elf:3    | Bought a wand of clouds (8) for 576 gold pieces
150392 | Depths:2 | Bought a potion of mutation for 128 gold pieces
150457 | Pan      | Entered Pandemonium
150929 | Pan      | Got a demonic rune of Zot
151294 | Pan      | Noticed Alyump the pandemonium lord
151311 | Pan      | Killed Alyump the pandemonium lord
153257 | Pan      | Noticed Qikkih the pandemonium lord
153257 | Pan      | Reached skill level 24 in Spellcasting
153257 | Pan      | Killed Qikkih the pandemonium lord
153362 | Pan      | Identified the Catalogue of Air
155229 | Pan      | Noticed Lucynup the pandemonium lord
155231 | Pan      | Killed Lucynup the pandemonium lord
155386 | Pan      | Gained mutation: You often lose your temper in combat. [a
                  | cacodemon]
155961 | Pan      | Got an ichor-stained scale mail
155969 | Pan      | Identified the +6 scale mail of Zin's Benevolence {Str+6}
                  | (You found it in Pandemonium)
156070 | Pan      | Got a bloodstained large shield
156071 | Pan      | Identified the +4 large shield "Seudoa" {Stlth+} (You found
                  | it in Pandemonium)
156124 | Pan      | Found a runed door.
156513 | Pan      | Learned a level 5 spell: Borgnjor's Vile Clutch
156522 | Pan      | Learned a level 8 spell: Lehudib's Crystal Spear
156829 | Pan      | Noticed Ruecam the pandemonium lord
156836 | Pan      | Killed Ruecam the pandemonium lord
157137 | Depths:3 | Escaped Pandemonium
157398 | Zot:2    | Learned a level 9 spell: Shatter
157598 | Pan      | Entered the realm of Mnoleg.
157598 | Pan      | Entered Pandemonium
157996 | Pan      | Gained mutation: You have an uncontrollable temper. [a
                  | cacodemon]
158812 | Pan      | Found an exit through the horrors of the Abyss.
158978 | Pan      | Gained mutation: Scrolls take you a little longer to read.
                  | [a cacodemon]
159350 | Pan      | Got a twisted glaive
159378 | Pan      | Gained mutation: You are weak. (Str -2) [a cacodemon]
159481 | Pan      | Lost mutation: You have an increased reservoir of magic.
                  | (+10% MP) [a cacodemon]
159962 | Pan      | Reached skill level 25 in Spellcasting
161396 | Pan      | Noticed Mnoleg
161457 | Pan      | Paralysed by a floating eye for 2 turns
161459 | Pan      | Gained mutation: You are clumsy. (Dex -2) [a neqoxec]
161462 | Pan      | Killed Mnoleg
161624 | Pan      | Gained mutation: Scrolls take you longer to read. [a
                  | cacodemon]
161870 | Pan      | Got a sparkling lead ring
161873 | Pan      | Identified the ring "Daecvio" {*Slow rPois rC++ rN+ Int+4}
                  | (You found it in Pandemonium)
162013 | Pan      | Gained mutation: You are very clumsy. (Dex -4) [a
                  | cacodemon]
162099 | Pan      | Gained mutation: Your magical capacity is low. (-10% MP) [a
                  | cacodemon]
162152 | Pan      | Lost mutation: Your mind is acute. (Int +2) [a cacodemon]
162326 | Pan      | Got a glowing rune of Zot
162750 | Pan      | Noticed Mucehasm the pandemonium lord
162756 | Pan      | Killed Mucehasm the pandemonium lord
162775 | Pan      | Got a thick robe
162778 | Pan      | Identified the cursed +1 robe of the Moneychanger {MR+
                  | rCorr} (You found it in Pandemonium)
162795 | Pan      | Identified the ring of the Briny Deep {rC+ Int+5 Slay+2}
                  | (You found it in Pandemonium)
162827 | Pan      | Entered the realm of Cerebov.
163353 | Pan      | Got an ancient quarterstaff
163672 | Pan      | Identified the +6 sword of Cerebov {flame}
163672 | Pan      | Noticed Cerebov
164568 | Pan      | Killed Cerebov
164568 | Pan      | Reached skill level 26 in Spellcasting
164775 | Pan      | Got a fiery rune of Zot
164867 | Pan      | Identified the cursed +1 hand crossbow of the Mind {venom,
                  | rPois rF+ rC+ MR++} (You found it in Pandemonium)
164949 | Pan      | Identified the Papyrus of Flight and Transmutation
166250 | Depths:3 | Escaped Pandemonium
166527 | Pan      | Entered Pandemonium
166564 | Pan      | Reached skill level 15 in Earth Magic
167058 | Pan      | Entered the realm of Gloorx Vloq.
167489 | Pan      | Noticed Gloorx Vloq
167541 | Pan      | HP: 8/269 [Executioner[Gloorx Vloq] (9)]
167542 | Pan      | Killed Gloorx Vloq
167543 | Pan      | Engulfed by a cloud of foul pestilence

Vault maps used:
D:1:      lightli_arrival_quake, minmay_tromino_mix6
D:2:      nicolae_ru_path_of_blood, xom_teletrap_fun
D:3:      tso_oasis_becter, nicolae_overflow_hidden_temple,
          lemuel_zombie_altar_kikubaaqudgha, grunt_ministairs_9,
          small_statue_intersection, uniq_natasha, uniq_sigmund
D:4:      lemuel_crystal_altar, first_ration, grunt_gozag_statues
D:5:      basic_altar
D:6:      lemuel_crystal_altar, grunt_qazlal_clouds,
          minmay_temple_entry_mini_moons, ebering_ghost_disaster_area,
          uniq_crazy_yiuf_cottage, uniq_eustachio, uniq_blork_the_orc,
          uniq_pikel
D:7:      gammafunk_temple_overflow_pools, kennysheep_mini_moat, serial_shops,
          shop, fedhas_ov_isle_minmay, uniq_menkaure
D:8:      lemuel_round_altar, enter_bailey_6, grunt_livestock,
          serial_bayou_pond_b, minivault_14, uniq_grum
D:9:      nicolae_overflow_crystal_walls, serial_shops, shop, hive_lemuel
D:10:     dpeg_lair_monsters, item_on_display_a
D:11:     david_orc_3, minmay_misc_feat_tiny, nemelex_diamond_rough_becter
D:12:     serial_shops, shop, nrook_mini_vaults
D:13:     minmay_radiant
D:14:     ximxim_vaults_locker_room
D:15:     grunt_enter_depths_snipers, special_room, serial_undead,
          serial_undead_c, serial_undead_d, serial_undead_b, serial_undead_e
Temple:   compressed_dpeg_triangle_lava_temple
Lair:1:   nicolae_quartered_pool_super, grunt_megastairs_3, lemuel_fruit_tree
Lair:2:   nicolae_spider_entry_tight_spaces, bobbens_dragon_lair_wall,
          grunt_megastairs_1, uniq_fannar
Lair:3:   nicolae_swamp_entry_splash_gauntlet, lemuel_oklob_altar,
          infiniplex_staircase_pool_2, uniq_nergalle
Lair:4:   gauntlet_entry_generic, serial_bayou_shore_a, serial_bayou_shore_b
Lair:5:   slime_altar_1
Lair:6:   guppyfry_lair_end_dragon, portal_ice_cave_entry_ice_beasts,
          enter_volcano_1
Swamp:1:  serial_swamp_ruin, evilmike_swamp_ruin_house_1,
          evilmike_swamp_ruin_house_2
Swamp:2:  nicolae_swamp_orc_logging_accident
Swamp:3:  infiniplex_staircase_pool, uniq_roxanne
Swamp:4:  swamp_vile
Spider:1: uniq_frances
Spider:2: nicolae_spider_nook, uniq_asterion
Spider:4: floodkiller_spider_rune_tomb, nicolae_spider_cling_ruins, uniq_arachne
Slime:1:  cheibrodos_slime_lost_civilization_10
Slime:2:  cheibrodos_slime_lost_civilization_5
Orc:2:    st_orc_elflike, basic_altar, serial_shops, shop, library_closet,
          uniq_maurice, uniq_azrael, uniq_saint_roka
Elf:1:    eino_elf_arrival_shootout, hangedman_elf_disciples, uniq_kirke
Elf:2:    special_room, hangedman_elven_ridges, minivault_13
Elf:3:    minmay_elf_hall_not_hex, minmay_shop_grove
Vaults:1: vaults_mumra_lcd, ontoclasm_vaults_spin, nicolae_vaults_octagons,
          ontoclasm_vaults_decontamination, grunt_vaults_funnel,
          hangedman_vaults_unwind, hangedman_vaults_slice,
          nicolae_vaults_angled_halls, hangedman_vaults_impose, v_misc_10,
          ontoclasm_vaults_ring_small, vaults_dpeg_ring, enter_trove_3
Vaults:2: minmay_crypt_entry_simple_walls, nicolae_vaults_shelves_hall,
          nicolae_vaults_big_ls, v_misc_4, vaults_room_pools, serial_shops, shop
Vaults:3: v_misc_30, nicolae_vaults_little_ls,
          nicolae_vaults_network_quinsquares, ontoclasm_vaults_gateway,
          hangedman_vaults_hard_town_square, v_misc_22, vaults_room_grid,
          v_alt_pattern_4, hangedman_vaults_capsules, vaults_dpeg_hooks,
          v_alt_pattern_2, ontoclasm_vaults_ring_small, hangedman_vaults_impose
Vaults:4: v_misc_18, vaults_room_fours, hangedman_vaults_maws,
          vaults_room_large_hall, v_alt_pattern_2, dpeg_vaults_monster_row,
          vaults_dpeg_cross, ontoclasm_vaults_loading_screen,
          nicolae_vaults_little_squares_5, ontoclasm_vaults_pinch
Vaults:5: serial_shops
Crypt:3:  evilmike_haunted_forest
Depths:1: grunt_hell_entry_dis_grunt, roderic_lattice_octagonal_star,
          kennysheep_generic_room_15, serial_bayou_shore_b
Depths:2: minmay_gate_of_8, enter_ziggurat_a, minmay_parallelograms, hell_entry,
          hangedman_abyss_or_decor_jellyfish_corner, st_stairs_12,
          minmay_shop_star
Depths:3: hangedman_arch_fort, rand_demon_pan_entry_1,
          ebering_dispersal_statue_hall, grunt_mini_vestibule, abyss_entry
Depths:4: minmay_tearing_corner, pf_hell_entry_tar_river, pan_entry,
          hangedman_decor_peaks_small, abyss_entry_flame_altar
Depths:5: evilmike_zot_entry_argh, abyss_entry_glasseish,
          hangedman_decor_opposing, hell_entry, uniq_boris
Zot:1:    hangedman_zot_wheel_spokes, st_stairs_3, lemuel_lake_of_fire
Zot:2:    st_single_dragon_hoard_1
Zot:3:    st_small_dragon_hoard_5
Zot:4:    kennysheep_six_static_rooms
Zot:5:    basic_altar
Pan:      grunt_pan_sceptre, nicolae_pan_glass_arcs, evilmike_mini_pan_diamond,
          pan_blood_fountain, nicolae_pan_gloorx_vloqian_2,
          nicolae_pan_door_chamber, nicolae_pan_sigil_itan,
          evilmike_mini_pan_3x3, nicolae_pan_giant_door, nicolae_pan_sigil_obb,
          lemuel_hellion_island, rand_demon_2, nicolae_pan_sigil_nadil,
          reaverb_pan_squares, rand_demon_9, mnoleg_grunt_wretched_star,
          nicolae_pan_hourglass, pan_blood_fountain_small, pan_blood_fountain,
          nicolae_pan_cerebovesque_1, grunt_pan_zigzag, pan_blood_fountain,
          nicolae_pan_door_chamber, cerebov_st, evilmike_mini_pan_V,
          nicolae_pan_cerebovesque_1, gloorx_vloq
Trove:    trove_alchemists_storehouse
Bailey:   bailey_polearm_gnolls_kennysheep, bailey
Volcano:  kennysheep_volcano_temple
Gauntlet: minmay_gauntlet_77_tree

Skill      XL: |  1  2  3  4  5  6  7  8  9 10 11 12 13 14 15 16 17 18 19 20 21 22 23 24 25 26 27 |
---------------+----------------------------------------------------------------------------------+-----
Conjurations   | 2 3 4 5 6 8 10 11 12 13 15 16 18 23 | 23.7
Fire Magic     | 3 4 5 7 9 10 11 13 15 16 17 18 19 20 22 | 22.0
Spellcasting   | 3 4 5 8 10 11 12 13 14 15 16 17 18 19 20 21 26 | 26.5
Evocations     | 2 5 6 8 10 | 10.0
Fighting       | 2 5 6 7 8 9 10 11 12 14 15 | 15.0
Dodging        | 5 6 7 8 9 12 | 12.2
Invocations    | 3 7 10 12 15 | 15.0
Necromancy     | 3 |  3.1
Charms         | 3 4 5 |  5.0
Translocations | 2 |  2.1
Air Magic      | 2 5 |  5.0
Shields        | 4 10 15 | 15.0
Earth Magic    | 2 5 7 10 15 | 15.6
Summonings     | 3 |  3.0
Armour         | 5 |  5.0
Stealth        | |  1.7

Action                   |  1- 3 |  4- 6 |  7- 9 | 10-12 | 13-15 | 16-18 | 19-21 | 22-24 | 25-27 || total
-------------------------+-------+-------+-------+-------+-------+-------+-------+-------+-------++-------
Melee: Unarmed           |    34 |       |       |       |       |       |       |       |       ||    34
       Dagger            |     4 |       |       |       |       |       |       |       |       ||     4
       Quarterstaff      |       |       |     1 |    10 |       |       |       |       |       ||    11
       Kick              |       |       |       |     3 |     1 |     4 |       |     3 |    24 ||    35
       Hand axe          |       |       |       |       |     3 |    16 |       |     8 |       ||    27
       Blowgun           |       |       |       |       |     1 |       |       |       |       ||     1
       Staff             |       |       |       |       |       |       |       |       |    81 ||    81
 Fire: Blowgun           |       |       |       |     1 |       |       |       |       |       ||     1
Throw: Tomahawk          |       |       |     5 |     4 |       |       |       |       |       ||     9
       Throwing net      |       |       |       |       |       |       |     5 |       |       ||     5
 Cast: Flame Tongue      |    79 |    81 |   294 |   499 |   100 |       |       |       |       ||  1053
       Conjure Flame     |       |     3 |    11 |    36 |     5 |       |       |       |       ||    55
       Sticky Flame      |       |       |    14 |   109 |   116 |    24 |    17 |     1 |       ||   281
       Fireball          |       |       |       |    22 |   354 |   533 |   459 |   163 |    34 ||  1565
       Blink             |       |       |       |       |    11 |    42 |       |     7 |    31 ||    91
       Throw Icicle      |       |       |       |       |     6 |       |       |       |       ||     6
       Bolt of Magma     |       |       |       |       |   326 |   243 |   100 |     2 |       ||   671
       Bolt of Fire      |       |       |       |       |    31 |    63 |   152 |   429 |   960 ||  1635
       Regeneration      |       |       |       |       |     2 |     3 |    14 |     3 |    31 ||    53
       Mephitic Cloud    |       |       |       |       |     2 |       |       |       |       ||     2
       Deflect Missiles  |       |       |       |       |     1 |     6 |     4 |     6 |     4 ||    21
       Iskenderun's Myst |       |       |       |       |       |   125 |    69 |       |       ||   194
       Ignition          |       |       |       |       |       |     6 |    36 |    48 |    51 ||   141
       Iron Shot         |       |       |       |       |       |       |    29 |   129 |   479 ||   637
       Lee's Rapid Decon |       |       |       |       |       |       |       |    31 |    13 ||    44
       Fire Storm        |       |       |       |       |       |       |       |       |   157 ||   157
       Lehudib's Crystal |       |       |       |       |       |       |       |       |   233 ||   233
       Shatter           |       |       |       |       |       |       |       |       |     4 ||     4
       Borgnjor's Vile C |       |       |       |       |       |       |       |       |     1 ||     1
Invok: Divine Energy     |       |       |       |     1 |       |       |       |       |       ||     1
       Channel Magic     |       |       |       |       |     4 |     6 |     6 |     9 |    80 ||   105
Evoke: Wand              |       |     3 |     6 |    16 |    31 |     5 |     4 |     9 |    48 ||   122
       Box of beasts     |       |       |       |     1 |       |       |     1 |       |       ||     2
       Lightning rod     |       |       |       |       |    16 |    15 |       |    20 |    33 ||    84
       Lamp of fire      |       |       |       |       |       |     1 |     2 |     2 |     1 ||     6
       Phantom mirror    |       |       |       |       |       |       |       |     1 |     1 ||     2
       Staff of energy   |       |       |       |       |       |       |       |    61 |   306 ||   367
  Use: Scroll            |     3 |     2 |     5 |     6 |    18 |    14 |    10 |    14 |    22 ||    94
       Potion            |       |       |       |     2 |     2 |     2 |       |     4 |    18 ||    28
 Stab: Distracted        |       |       |       |     1 |       |       |       |       |       ||     1
       Paralysed         |       |       |       |       |     5 |     5 |       |       |    11 ||    21
  Eat: Chunk             |     8 |     8 |    22 |    24 |    58 |    25 |    79 |    44 |    34 ||   302
       Ration            |       |       |     1 |     4 |    15 |    22 |     8 |    18 |    46 ||   114
Armor: Robe              |    12 |     3 |    14 |       |       |       |    46 |    70 |   286 ||   431
       Leather armour    |       |     1 |    22 |   116 |   200 |   279 |    34 |       |       ||   652
       Skin              |       |       |       |       |     7 |       |       |       |       ||     7
Dodge: Dodged            |    40 |    18 |    62 |   269 |   478 |   465 |   246 |   250 |  1004 ||  2832
       Deflected         |       |       |       |       |    14 |    22 |    36 |    48 |    53 ||   173
Block: Buckler           |       |       |       |       |       |   155 |    39 |       |       ||   194
       Shield            |       |       |       |       |       |       |   139 |   243 |   774 ||  1156

Table legend:
 A = Non-vault XP
 B = Vault XP
 C = Vault XP percentage of total XP
 D = Non-vault monster count
 E = Vault monster count
 F = Vault count percentage of total count
                 A         B        C        D         E       F
            +---------+---------+-------+---------+---------+-------
      Total | 1430442 |  952747 |  40.0 |    2318 |    1034 |  30.8
            +---------+---------+-------+---------+---------+-------
        D:1 |      28 |       5 |  15.2 |      16 |       3 |  15.8
        D:2 |     263 |       0 |   0.0 |      32 |       0 |   0.0
        D:3 |     362 |     274 |  43.1 |      17 |       7 |  29.2
        D:4 |     493 |       0 |   0.0 |      24 |       0 |   0.0
        D:5 |     436 |       0 |   0.0 |      18 |       0 |   0.0
        D:6 |     887 |    1120 |  55.8 |      19 |       5 |  20.8
        D:7 |     721 |     287 |  28.5 |      14 |       2 |  12.5
        D:8 |    2041 |    2812 |  57.9 |      40 |      13 |  24.5
        D:9 |    1783 |       0 |   0.0 |      23 |       0 |   0.0
       D:10 |    2699 |    2606 |  49.1 |      25 |       5 |  16.7
       D:11 |    5925 |     884 |  13.0 |      43 |      11 |  20.4
       D:12 |    5030 |       0 |   0.0 |      35 |       0 |   0.0
       D:13 |    5129 |    2786 |  35.2 |      25 |       3 |  10.7
       D:14 |    8711 |    6259 |  41.8 |      45 |      11 |  19.6
       D:15 |   16391 |   15450 |  48.5 |      43 |      38 |  46.9
     Lair:1 |    5860 |     924 |  13.6 |      22 |       1 |   4.3
     Lair:2 |    5578 |    9423 |  62.8 |      18 |      33 |  64.7
     Lair:3 |    7314 |    2788 |  27.6 |      22 |       9 |  29.0
     Lair:4 |    8097 |       0 |   0.0 |      28 |       0 |   0.0
     Lair:5 |    8186 |       0 |   0.0 |      25 |       0 |   0.0
     Lair:6 |    4029 |    5871 |  59.3 |      15 |      24 |  61.5
    Swamp:1 |   10904 |       0 |   0.0 |      34 |       0 |   0.0
    Swamp:2 |   28749 |       0 |   0.0 |      60 |       0 |   0.0
    Swamp:3 |   20135 |    4802 |  19.3 |      35 |       5 |  12.5
    Swamp:4 |    6871 |   17102 |  71.3 |      26 |      24 |  48.0
   Spider:1 |   15201 |    4578 |  23.1 |      32 |       2 |   5.9
   Spider:2 |   13731 |    4149 |  23.2 |      35 |      12 |  25.5
   Spider:3 |   21173 |       0 |   0.0 |      58 |       0 |   0.0
   Spider:4 |   18813 |   36000 |  65.7 |      50 |      70 |  58.3
    Slime:1 |    5609 |       0 |   0.0 |      13 |       0 |   0.0
    Slime:2 |   14822 |       0 |   0.0 |      20 |       0 |   0.0
    Slime:3 |    1670 |       0 |   0.0 |       3 |       0 |   0.0
    Slime:4 |   10448 |    2031 |  16.3 |      17 |       1 |   5.6
    Slime:5 |   13740 |   29989 |  68.6 |      23 |      13 |  36.1
      Orc:1 |    4341 |    3014 |  41.0 |      26 |       7 |  21.2
      Orc:2 |    1844 |   13965 |  88.3 |      20 |      36 |  64.3
      Elf:1 |   10008 |   12766 |  56.1 |      16 |      17 |  51.5
      Elf:2 |   15011 |   25340 |  62.8 |      29 |      31 |  51.7
      Elf:3 |   22486 |   45025 |  66.7 |      34 |      31 |  47.7
   Vaults:1 |   23154 |   26593 |  53.5 |      46 |      44 |  48.9
   Vaults:2 |   42131 |   11165 |  20.9 |      73 |      21 |  22.3
   Vaults:3 |   22438 |   13006 |  36.7 |      37 |      14 |  27.5
   Vaults:4 |   40564 |   38668 |  48.8 |      61 |      31 |  33.7
   Vaults:5 |   30989 |  135214 |  81.4 |      46 |      96 |  67.6
    Crypt:1 |   27419 |       0 |   0.0 |      50 |       0 |   0.0
    Crypt:2 |   32718 |       0 |   0.0 |      44 |       0 |   0.0
    Crypt:3 |       0 |   76151 | 100.0 |       0 |     110 | 100.0
   Depths:1 |   40146 |    1125 |   2.7 |      48 |       2 |   4.0
   Depths:2 |   25208 |   32769 |  56.5 |      27 |      13 |  32.5
   Depths:3 |   44132 |   23880 |  35.1 |      45 |      22 |  32.8
   Depths:4 |   23899 |   79662 |  76.9 |      28 |      32 |  53.3
   Depths:5 |   34282 |    9865 |  22.3 |      25 |       7 |  21.9
      Zot:1 |   81413 |   14858 |  15.4 |      44 |       4 |   8.3
      Zot:2 |   54736 |    4104 |   7.0 |      30 |       1 |   3.2
      Zot:3 |   68062 |   11472 |  14.4 |      49 |       4 |   7.5
      Zot:4 |   81692 |   14605 |  15.2 |      40 |       6 |  13.0
      Zot:5 |    2597 |       0 |   0.0 |       2 |       0 |   0.0
        Pan |  429343 |  200743 |  31.9 |     543 |     164 |  23.2
     Bailey |       0 |    1201 | 100.0 |       0 |      30 | 100.0
    Volcano |       0 |    3030 | 100.0 |       0 |       8 | 100.0
   Gauntlet |       0 |    4386 | 100.0 |       0 |      11 | 100.0
            +---------+---------+-------+---------+---------+-------
